 Dungeon Crawl Stone Soup version 0.24-a0-189-g5d897e9 (webtiles) character file.

Game seed: 8129062552065731500

240 Tenar the Ducker (level 6, -8/53 HPs)
             Began as a Gnoll Monk on Mar 17, 2019.
             Was a Believer of Okawaru.
             Mangled by Crazy Yiuf
             ... wielding a +4 quarterstaff of chaos
              (10 damage)
             ... on level 2 of the Dungeon.
             The game lasted 00:03:46 (2375 turns).

Tenar the Ducker (Gnoll Monk)                       Turns: 2375, Time: 00:03:47

Health: -8/53      AC:  2    Str: 13    XL:     6   Next: 8%
Magic:  5/8        EV: 17    Int: 14    God:    Okawaru [**....]
Gold:   110        SH:  0    Dex: 18    Spells: 8/8 levels left

rFire    . . .     SeeInvis .   a - +0 hand axe
rCold    . . .     Gourm    .   (no shield)
rNeg     . . .     Faith    .   k - -1 robe (curse)
rPois    .         Spirit   .   (no helmet)
rElec    .         Reflect  .   j - +0 cloak
rCorr    .         Harm     .   (no gloves)
MR       .....                  (no boots)
Stlth    +++.......             (no amulet)
HPRegen  0.17/turn              (no ring)
MPRegen  0.11/turn              (no ring)

@: lethally poisoned (-8 -> -60)
A: distributed training, fangs 1, strong nose
a: Heroism, Renounce Religion


You were on level 2 of the Dungeon.
You worshipped Okawaru.
Okawaru was pleased with you.
You were not hungry.

You visited 1 branch of the dungeon, and saw 2 of its levels.

You collected 110 gold pieces.

Inventory:

Hand Weapons
 a - a +0 hand axe (weapon)
Armour
 b - a +0 robe
 j - a +0 cloak (worn)
 k - a cursed -1 robe (worn)
Scrolls
 d - 2 scrolls of amnesia {unknown}
 g - 3 scrolls of identify {unknown}
 n - 2 scrolls of remove curse {unknown}
 o - a scroll of fog {unknown}
Potions
 e - a potion of brilliance {unknown}
 f - 2 potions of lignification {unknown}
 h - a potion of heal wounds
 l - a potion of invisibility {unknown}
 m - a potion of flight {unknown}
Comestibles
 c - 2 rations
 i - 3 chunks of flesh


   Skills:
 + Level 6.7 Fighting
 + Level 1.7 Short Blades
 + Level 1.7 Long Blades
 + Level 6.7 Axes
 + Level 1.7 Maces & Flails
 + Level 1.7 Polearms
 + Level 1.7 Staves
 + Level 1.7 Slings
 + Level 1.7 Bows
 + Level 1.7 Crossbows
 + Level 1.7 Throwing
 + Level 1.7 Armour
 + Level 6.7 Dodging
 + Level 4.5 Stealth
 + Level 1.7 Shields
 + Level 1.7 Unarmed Combat
 + Level 1.7 Spellcasting
 + Level 1.3 Conjurations
 + Level 1.3 Hexes
 + Level 1.3 Charms
 + Level 1.3 Summonings
 + Level 1.3 Necromancy
 + Level 1.3 Translocations
 + Level 1.3 Transmutations
 + Level 1.3 Fire Magic
 + Level 1.3 Ice Magic
 + Level 1.3 Air Magic
 + Level 1.3 Earth Magic
 + Level 1.3 Poison Magic
 + Level 2.0 Invocations
 + Level 1.7 Evocations


You had 8 spell levels left.
You didn't know any spells.
Your spell library was empty.

Dungeon Overview and Level Annotations

Branches:
Dungeon (2/15)

Altars:
Ashenzari
Okawaru
Yredelemnul

Annotations:
D:2 Crazy Yiuf


Innate Abilities, Weirdness & Mutations

Your experience applies equally to all skills.
You have very sharp teeth.
Your uncanny sense of smell can sniff out nearby items.


Message History

You are more poisoned.
You take 13 damage, and have 13/53 hp.
MASSIVE DAMAGE!!
You feel much better.
You feel very sick.
You regained 14 hp, and now have 27/53 hp.
Unknown command.
You hit Crazy Yiuf but do no damage. Your bite misses Crazy Yiuf.
You feel very sick.
Crazy Yiuf hits you with a +4 quarterstaff of chaos!
You are more poisoned.
You take 11 damage, and have 16/53 hp.
MASSIVE DAMAGE!!
You hit Crazy Yiuf.
* * * LOW HITPOINT WARNING * * *
You feel very sick.
Crazy Yiuf hits you with a +4 quarterstaff of chaos!
* * * LOW HITPOINT WARNING * * *
You are electrocuted!
You die...

#..##......#
#..........#######
#...#......##...(.
###########.÷.....
####....
♣♣♣♣♣####..... ####
♣♣♣.♣.)#.##.....
#...#♣..♣......#.####
#..g@.♣♣♣♣)......####
#)..#♣♣ ♣♣.#........
#### ♣♣##.#>....
#.###### #.#
###########.######
#.................
#......#.##..##.##
#.................


You could see Crazy Yiuf.

Vanquished Creatures
  Sigmund (D:2)
  2 adders (D:2)
  4 worms (D:2)
  2 dart slugs (D:1)
  A leopard gecko (D:1)
  3 giant cockroaches
  6 goblins
  10 hobgoblins
  4 jackals (D:2)
  4 bats (D:1)
  4 frilled lizards
  7 kobolds
  2 rats
50 creatures vanquished.

Notes
Turn   | Place    | Note
-------+----------+-------------------------------------------
     0 | D:1      | Tenar the Gnoll Monk began the quest for the Orb.
     0 | D:1      | Reached XP level 1. HP: 23/23 MP: 1/1
   116 | D:1      | Reached XP level 2. HP: 29/29 MP: 2/2
   481 | D:1      | Reached XP level 3. HP: 34/35 MP: 3/3
  1173 | D:2      | Reached skill level 1 in Invocations
  1407 | D:2      | Found a runed translucent door.
  1408 | D:2      | Noticed Crazy Yiuf
  1423 | D:2      | Noticed Sigmund
  1425 | D:2      | Found a shattered altar of Ashenzari.
  1445 | D:2      | Killed Sigmund
  1445 | D:2      | Reached skill level 1 in Short Blades
  1445 | D:2      | Reached skill level 1 in Long Blades
  1445 | D:2      | Reached skill level 1 in Maces & Flails
  1445 | D:2      | Reached skill level 1 in Polearms
  1445 | D:2      | Reached skill level 1 in Staves
  1445 | D:2      | Reached skill level 1 in Slings
  1445 | D:2      | Reached skill level 1 in Bows
  1445 | D:2      | Reached skill level 1 in Crossbows
  1445 | D:2      | Reached skill level 1 in Throwing
  1445 | D:2      | Reached skill level 1 in Armour
  1445 | D:2      | Reached skill level 1 in Shields
  1445 | D:2      | Reached skill level 1 in Unarmed Combat
  1445 | D:2      | Reached skill level 1 in Spellcasting
  1445 | D:2      | Reached skill level 1 in Conjurations
  1445 | D:2      | Reached skill level 1 in Hexes
  1445 | D:2      | Reached skill level 1 in Charms
  1445 | D:2      | Reached skill level 1 in Summonings
  1445 | D:2      | Reached skill level 1 in Necromancy
  1445 | D:2      | Reached skill level 1 in Translocations
  1445 | D:2      | Reached skill level 1 in Transmutations
  1445 | D:2      | Reached skill level 1 in Fire Magic
  1445 | D:2      | Reached skill level 1 in Ice Magic
  1445 | D:2      | Reached skill level 1 in Air Magic
  1445 | D:2      | Reached skill level 1 in Earth Magic
  1445 | D:2      | Reached skill level 1 in Poison Magic
  1445 | D:2      | Reached skill level 1 in Evocations
  1445 | D:2      | Reached XP level 4. HP: 18/41 MP: 4/6
  1445 | D:2      | Reached XP level 5. HP: 21/47 MP: 4/7
  1673 | D:2      | Found an iron altar of Okawaru.
  1697 | D:2      | Found a basalt altar of Yredelemnul.
  1701 | D:2      | Became a worshipper of Warmaster Okawaru
  1701 | D:2      | Reached * piety under Okawaru
  1701 | D:2      | Reached ** piety under Okawaru
  1990 | D:2      | Reached XP level 6. HP: 49/53 MP: 8/8
  2369 | D:2      | HP: 2/53 [Crazy Yiuf/+4 quarterstaff of chaos (16)]
  2375 | D:2      | HP: 2/53 [Crazy Yiuf/+4 quarterstaff of chaos (10)]
  2375 | D:2      | Mangled by Crazy Yiuf

Levels and vault maps discovered:
D:1:      minmay_arrival_widening_spiral_wide, layout_basic
D:2:      layout_basic, grunt_temple_overflow_open, ashenzari_altar_1,
          uniq_sigmund, uniq_crazy_yiuf_cottage

Skill      XL: |  1  2  3  4  5  6 |
---------------+-------------------+-----
Invocations    | 1 2 |  2.0
Short Blades   | 1 |  1.7
Long Blades    | 1 |  1.7
Maces & Flails | 1 |  1.7
Polearms       | 1 |  1.7
Staves         | 1 |  1.7
Slings         | 1 |  1.7
Bows           | 1 |  1.7
Crossbows      | 1 |  1.7
Throwing       | 1 |  1.7
Armour         | 1 |  1.7
Shields        | 1 |  1.7
Unarmed Combat | 1 |  1.7
Spellcasting   | 1 |  1.7
Conjurations   | 1 |  1.3
Hexes          | 1 |  1.3
Charms         | 1 |  1.3
Summonings     | 1 |  1.3
Necromancy     | 1 |  1.3
Translocations | 1 |  1.3
Transmutations | 1 |  1.3
Fire Magic     | 1 |  1.3
Ice Magic      | 1 |  1.3
Air Magic      | 1 |  1.3
Earth Magic    | 1 |  1.3
Poison Magic   | 1 |  1.3
Evocations     | 1 |  1.7
Fighting       | |  6.7
Axes           | |  6.7
Dodging        | |  6.7
Stealth        | |  4.5

Action                   |  1- 3 |  4- 6 || total
-------------------------+-------+-------++-------
Melee: Hand axe          |   119 |    70 ||   189
       Bite              |    17 |     9 ||    26
  Use: Potion            |       |     2 ||     2
 Stab: Sleeping          |    12 |     1 ||    13
  Eat: Chunk             |     2 |     3 ||     5
Armor: Robe              |    10 |     4 ||    14
Dodge: Dodged            |    74 |    37 ||   111

Table legend:
 A = Non-vault XP
 B = Vault XP
 C = Vault XP percentage of total XP
 D = Non-vault monster count
 E = Vault monster count
 F = Vault count percentage of total count
                 A         B        C        D         E       F
            +---------+---------+-------+---------+---------+-------
      Total |     124 |     220 |  64.0 |      49 |       1 |   2.0
            +---------+---------+-------+---------+---------+-------
        D:1 |      48 |       0 |   0.0 |      25 |       0 |   0.0
        D:2 |      76 |     220 |  74.3 |      24 |       1 |   4.0
            +---------+---------+-------+---------+---------+-------
